General information
- name: grudge13
- type: Ladder 1vs1/FFA
- host: BEAR_AND
- saver: BEAR_AND
map: FrozenHarvest
- players: 4
- length: 09:18
- speed: Fast
- version: 1.21 W3XP
- replay type:

» download(35 KB)
Players
team 1 (winner)
WWGT]ShakaZahn (
light-blue | 134 APM | 1245 actions | 09:17)
3 Demon Hunter
2 Mana Burn
1 Evasion
1 Keeper of the Grove
1 Entangling Roots
» actions
| Assign group hotkey | 15 | |
| Basic commands | 22 | |
| Build / train | 36 | |
| ESC pressed | 2 | |
| Enter build submenu | 10 | |
| Enter hero's abilities submenu | 4 | |
| Right click | 581 | |
| Select / deselect | 128 | |
| Select group hotkey | 403 | |
| Use ability | 44 | |
1245 total
» units
» buildings
| Altar of Elders | 1 | |
| Moon Well | 4 | |
| Ancient of War | 1 | |
| Tree of Ages | 1 | |
| Ancient of Wonders | 1 | |
| Hunter's Hall | 1 | |
| Ancient of Lore | 2 | |
11 total
» build order
00:03 Altar of Elders
00:20 Moon Well
01:05 Ancient of War
01:34 Moon Well
03:11 Tree of Ages
03:32 Moon Well
04:03 Ancient of Wonders
05:10 Hunter's Hall
06:14 Ancient of Lore
06:14 Ancient of Lore
06:45 Moon Well
» items
| Staff of Preservation | 1 | |
| Potion of Healing | 3 | |
4 total
team 2 (loser)
WWGT]Dagda (
blue | 130 APM | 1212 actions | 09:18)
3 Demon Hunter
2 Mana Burn
1 Evasion
1 Naga Sea Witch
1 Frost Arrows
» actions
| Assign group hotkey | 329 | |
| Basic commands | 33 | |
| Build / train | 47 | |
| Enter build submenu | 9 | |
| Enter hero's abilities submenu | 4 | |
| Give item / drop item | 4 | |
| Right click | 483 | |
| Select / deselect | 108 | |
| Select group hotkey | 170 | |
| Use ability | 25 | |
1212 total
» units
| Wisp | 11 | |
| Archer | 16 | |
| Druid of the Talon | 6 | |
33 total
» buildings
| Altar of Elders | 1 | |
| Moon Well | 4 | |
| Ancient of War | 1 | |
| Tree of Ages | 2 | |
| Ancient of Wonders | 1 | |
| Ancient of Wind | 1 | |
10 total
» build order
00:02 Altar of Elders
00:19 Moon Well
00:33 Ancient of War
01:42 Moon Well
02:39 Tree of Ages
02:40 Tree of Ages
03:36 Moon Well
03:36 Moon Well
04:21 Ancient of Wonders
05:20 Ancient of Wind
» items
| Boots of Speed | 1 | |
| Dust of Appearance | 1 | |
| Staff of Preservation | 1 | |
| Potion of Healing | 1 | |
4 total
observersBEAR_AND,
WWGT]Huginn Chat log
(00:09 / All) WWGT]ShakaZahn: gl hf
(00:12 / All) WWGT]Dagda: glhf
(02:44 / All) WWGT]ShakaZahn: ugh
(05:05 / All) WWGT]ShakaZahn: gay i didnt get gold or exp
(05:27 / Observers) WWGT]Huginn: hunters hall is required to construct ancients of lore
(06:06 / Observers) WWGT]Huginn: why you would build an ancient of wind instead is a mystery to us. Letch watch!
(09:17 / All) WWGT]ShakaZahn: gg